 Dungeon Crawl Stone Soup version 0.31-a0-232-gb1c03b2570 (webtiles) character file.

Game seed: 15162277329362896634

3547 Newt the Skirmisher (level 10, -4/64 HPs)
             Began as a Kobold Hunter on July 7, 2023.
             Slain by a yak (16 damage)
             ... on level 8 of the Dungeon.
             The game lasted 00:12:53 (8670 turns).

Newt the Skirmisher (Kobold Hunter)                 Turns: 8670, Time: 00:12:54

Health: -4/64      AC:  5    Str: 22    XL:     10   Next: 30%
Magic:  10/10      EV: 17    Int: 10    God:
Gold:   1092       SH:  0    Dex: 22    Spells: 9/9 levels left

rFire   . . .        a - +1 shortbow
rCold   + . .        (shield currently unavailable)
rNeg    . . .        u - +1 ring mail of Satisfaction {Harm rPois rC+ Str+4}
rPois   +            l - +0 helmet
rElec   .            (no cloak)
rCorr   .            (no gloves)
SInv    .            (no boots)
Will    .....        i - amulet of regeneration
Stlth   +            j - +6 ring of strength
HPRegen 1.10/turn    v - ring of wizardry
MPRegen 0.12/turn

%: harm (+30% outgoing, +20% incoming), wizardry (x1)
@: confused, lethally poisoned (-4 -> -4), ambrosia-drunk
A: small, no large weapons, nightstalker 3, deformed body, strong 1, MP-powered
wands
a: no special abilities


You were on level 8 of the Dungeon.
You visited 2 branches of the dungeon, and saw 9 of its levels.
You also visited: Ossuary.

You collected 1092 gold pieces.

Inventory:

Hand Weapons
 a - a +1 shortbow (weapon)
Missiles
 A - a throwing net
Armour
 c - a +0 leather armour
 l - a +0 helmet (worn)
 m - a +4 scale mail of poison resistance
 u - the +1 ring mail of Satisfaction (worn) {Harm rPois rC+ Str+4}
   (You found it on level 5 of the Dungeon)

   Str:       It affects your strength (+4).
   rC:        It protects you from cold.
   rPois:     It protects you from poison.
   Harm:      It increases damage dealt and taken.
Jewellery
 h - an amulet of faith
 i - an amulet of regeneration (around neck)
 j - a +6 ring of strength (left hand)
 v - a ring of wizardry (right hand)
 B - an amulet of reflection
Wands
 w - a wand of light (7)
Scrolls
 d - a scroll of enchant weapon
 e - 6 scrolls of revelation
 s - a scroll of teleportation
 x - a scroll of amnesia
 y - a scroll of silence
Potions
 f - 3 potions of enlightenment
 g - a potion of invisibility
 k - 3 potions of brilliance
 o - a potion of mutation
 p - a potion of degeneration
 q - 2 potions of lignification
 r - a potion of resistance {unknown}
 t - 2 potions of heal wounds {unknown}
 z - 2 potions of curing {unknown}


   Skills:
 + Level 7.7 Fighting
 - Level 14.0 Ranged Weapons
 - Level 5.0 Armour
 - Level 5.0 Dodging
 - Level 1.3 Stealth


You had 9 spell levels left.
You didn't know any spells.
Your spell library contained the following spells:

 Spells                   Type           Power      Damage    Failure   Level
 Blink                    Tloc           0%         N/A       32%         2
 Lesser Beckoning         Tloc           0%         N/A       32%         2
 Momentum Strike          Conj/Tloc      0%         3d8       32%         2
 Dazzling Flash           Conj/Hex       0%         N/A       54%         3
 Gell's Gravitas          Tloc           0%         N/A       54%         3
 Hailstorm                Conj/Ice       0%         3d3       54%         3
 Teleport Other           Tloc           0%         N/A       54%         3
 Vhi's Electric Charge    Tloc/Air       0%         N/A       54%         3
 Volatile Blastmotes      Fire/Tloc      0%         2d10      54%         3
 Ice Form                 Ice/Tmut       0%         N/A       90%         4
 Iskenderun's Mystic Bla  Conj/Tloc      0%         2d3       90%         4
 Arcjolt                  Conj/Air       0%         1d10      99%         5
 Blade Hands              Tmut           0%         N/A       99%         5
 Irradiate                Conj/Tmut      0%         3d11      99%         5
 Dispersal                Tloc           0%         N/A       100%        6
 Simulacrum               Ice/Necr       0%         N/A       100%        6
 Starburst                Conj/Fire      0%         6d3       100%        6
 Dragon Form              Tmut           0%         N/A       100%        7
 Maxwell's Capacitive Co  Air            0%         ∞         100%        8


Dungeon Overview and Level Annotations

Branches:
Dungeon (8/15)             Temple (1/1) D:5         Ossuary (visited)
   Lair: D:8-11

Altars:
Ashenzari
Cheibriados
Dithmenos
Fedhas
Gozag
Kikubaaqudgha
Makhleb
Nemelex Xobeh
Okawaru
Qazlal
Ru
Sif Muna
Trog
Uskayaw
Vehumet
Wu Jian
Xom
Yredelemnul


Innate Abilities, Weirdness & Mutations

You are small and have problems with some larger weapons.
You are completely attuned to the shadows.
Armour fits poorly on your strangely shaped body.
Your muscles are strong. (Str +4, Int/Dex -1)
You expend magic power (3 MP) to strengthen your wands.


Message History

You are poisoned.
Something barely misses you.
Unknown command.
Fire: a) +1 shortbow
Press: ? - help, Shift-Dir - straight line, f/p - kobold
Aim: a kobold, wielding a +0 short sword and quivering stones (68% to hit)
You shoot an arrow. The arrow hits the yak.
The yak is lightly wounded.
You feel sick. Something hits you but does no damage.
Unknown command.
Fire: a) +1 shortbow
Press: ? - help, Shift-Dir - straight line, f/p - kobold
Aim: a kobold, wielding a +0 short sword and quivering stones (68% to hit)
You shoot an arrow.
Reactivating autopickup.
You feel a bit more experienced.
You feel sick.
Unknown command.
Unknown command.
Fire: a) +1 shortbow
Press: ? - help, Shift-Dir - straight line, f/p - kobold
Aim: a kobold, wielding a +0 short sword and quivering stones (68% to hit)
You shoot an arrow. The arrow hits the yak.
The yak is lightly wounded.
You feel sick.
Unknown command.
Fire: a) +1 shortbow
Press: ? - help, Shift-Dir - straight line, f/p - kobold
Aim: a kobold, wielding a +0 short sword and quivering stones (68% to hit)
You shoot an arrow. The arrow hits the yak!
The yak is moderately wounded.
You feel sick. The yak gores you!
* * * LOW HITPOINT WARNING * * *
Unknown command.
You are confused.
You feel invigorated.
You feel sick. The yak completely misses you.
Unknown command.
You clumsily bash the yak but do no damage.
The yak is moderately wounded.
You feel sick. The yak gores you!
You die...

#.#............# .....
..###..........# .....
#.###..........# #.....
...............# ##.....
##.#....†".....# #......
........<......# #......
.#.#######.####### #.)...#
.#.....# #.......# ###.....#
.#.###.# #######@# #.......#
.#.....# #####Y# #........
####..#####...KK########KK......
.......#.......K.....#).o......
####................).)#{..####
##................###)..#
#.#...#....####### #...#
#......#.#.# #...# #........#.#


You could see a yak, a kobold brigand and 2 kobolds.

Vanquished Creatures
  4 yaks (D:8)
  3 steam dragons
  A water moccasin (D:7)
  2 black bears (D:5)
  An orc warrior (D:6)
  An ice beast (D:6)
  3 sky beasts
  2 ogres (D:5)
  A centaur (D:7)
  A phantom (D:7)
  An elf zombie (Ossuary)
  A gnoll sergeant (D:6)
  2 bullfrogs (D:7)
  A scorpion (D:6)
  3 howler monkeys (D:6)
  A jelly (D:5)
  2 human zombies (Ossuary)
  4 orc priests
  5 hounds
  10 iguanas
  Ijyb (D:3)
  Terence (D:3)
  4 orc wizards
  2 mummies (Ossuary)
  Robin (D:2)
  7 gnolls
  5 adders
  A shadow imp (D:5)
  A white imp (D:7)
  An adder zombie (Ossuary)
  4 worms
  2 dart slugs
  17 orcs
  3 ball pythons
  7 endoplasms
  7 giant cockroaches
  17 goblins
  11 hobgoblins
  3 quokkas
  6 bats
  5 frilled lizards
  8 hobgoblin zombies (Ossuary)
  2 jackal zombies (Ossuary)
  9 kobolds
  12 kobold zombies (Ossuary)
  10 orc zombies (Ossuary)
  7 rats
  A rat zombie (Ossuary)
204 creatures vanquished.

Vanquished Creatures (others)
  A hound (D:5)
  A kobold (D:8)
2 creatures vanquished.

Grand Total: 206 creatures vanquished

Notes
Turn   | Place    | Note
-------+----------+-------------------------------------------
     0 | D:1      | Newt the Kobold Hunter began the quest for the Orb.
     0 | D:1      | Reached XP level 1. HP: 12/12 MP: 1/1
   206 | D:1      | Reached XP level 2. HP: 18/18 MP: 2/2
   369 | D:1      | Reached XP level 3. HP: 23/23 MP: 3/3
   539 | D:1      | Found a faded altar of an unknown god.
  1015 | D:2      | Reached XP level 4. HP: 30/30 MP: 4/4
  1086 | D:2      | Noticed Robin
  1094 | D:2      | Killed Robin
  1095 | D:2      | Reached skill level 5 in Fighting
  1109 | D:2      | Reached XP level 5. HP: 32/35 MP: 5/5
  1279 | D:2      | Reached skill level 6 in Ranged Weapons
  1779 | D:3      | Reached skill level 7 in Ranged Weapons
  1781 | D:3      | Reached XP level 6. HP: 40/40 MP: 6/6
  2055 | D:3      | Noticed Ijyb
  2063 | D:3      | Paralysed by Ijyb for 2 turns
  2076 | D:3      | Killed Ijyb
  2077 | D:3      | Reached skill level 8 in Ranged Weapons
  2736 | D:3      | Noticed Terence
  2753 | D:3      | Killed Terence
  3345 | D:4      | Found a hide-covered altar of Uskayaw.
  3536 | D:4      | Found a sand-covered staircase.
  3541 | Ossuary  | Entered an ossuary
  3611 | Ossuary  | Reached XP level 7. HP: 44/44 MP: 7/7
  3693 | Ossuary  | Reached skill level 9 in Ranged Weapons
  3987 | D:4      | Found an ancient bone altar of Kikubaaqudgha.
  4204 | D:4      | Reached skill level 10 in Ranged Weapons
  4645 | D:5      | Entered Level 5 of the Dungeon
  4799 | D:5      | Reached XP level 8. HP: 49/49 MP: 8/8
  4824 | D:5      | Reached skill level 5 in Dodging
  4830 | D:5      | Noticed a vampire
  5010 | D:5      | Reached skill level 11 in Ranged Weapons
  5263 | D:5      | Identified the +1 ring mail of Satisfaction {Harm rPois rC+
                  | Str+4}
  5446 | D:5      | Found a sacrificial altar of Ru.
  5465 | D:5      | Found a staircase to the Ecumenical Temple.
  5513 | Temple   | Entered the Ecumenical Temple
  5924 | D:5      | Reached skill level 12 in Ranged Weapons
  6312 | D:6      | Reached XP level 9. HP: 54/54 MP: 9/9
  6398 | D:6      | Reached skill level 13 in Ranged Weapons
  6788 | D:6      | Found a bloodstained altar of Trog.
  6972 | D:6      | Reached skill level 14 in Ranged Weapons
  7111 | D:6      | Reached skill level 1 in Armour
  7307 | D:7      | Identified a scroll of acquirement
  7307 | D:7      | Acquired 754 gold pieces
  7751 | D:7      | Gained mutation: Your system is resistant to poisons.
                  | (rPois) [potion of mutation]
  7751 | D:7      | Gained mutation: You are weak. (Str -2) [potion of
                  | mutation]
  7751 | D:7      | Gained mutation: You expend magic power (3 MP) to
                  | strengthen your wands. [potion of mutation]
  7752 | D:7      | Lost mutation: Your system is resistant to poisons. (rPois)
                  | [potion of mutation]
  7752 | D:7      | Lost mutation: You are weak. (Str -2) [potion of mutation]
  7752 | D:7      | Gained mutation: Armour fits poorly on your strangely
                  | shaped body. [potion of mutation]
  7752 | D:7      | Gained mutation: Your muscles are strong. (Str +4, Int/Dex
                  | -1) [potion of mutation]
  8438 | D:8      | Reached skill level 5 in Armour
  8438 | D:8      | Reached XP level 10. HP: 26/59 MP: 10/10
  8668 | D:8      | HP: 3/64 [yak (13)]
  8670 | D:8      | Slain by a yak

Illustrated notes

Levels and vault maps discovered:
D:1:      minmay_arrival_five_plusses, layout_basic,
          hellmonk_ecumenical_altar_crossroads, minivault_24, minmay_box_of_dots
D:2:      layout_basic, uniq_robin
D:3:      layout_basic, minmay_misc_feat_encased, uniq_terence, uniq_ijyb
D:4:      layout_loops_ring, nicolae_overflow_crystal_walls, old_standard_altar,
          nicolae_ossuary_entry_false_entrances
D:5:      wad_lake_hut, layout_cave_pools, lemuel_round_altar,
          minmay_temple_entry_gardened_gates, grunt_ministairs_7
D:6:      layout_basic, mainiacjoe_overflow_catwalk
D:7:      layout_gridville
D:8:      layout_basic, nicolae_elyvilon_peaceful_grove
Temple:   nicolae_temple_great_sept

Skill      XL: |  1  2  3  4  5  6  7  8  9 10 |
---------------+-------------------------------+-----
Fighting       | 3 4 5 7 |  7.7
Ranged Weapons | 7 8 10 12 14 | 14.0
Dodging        | 4 5 |  5.0
Armour         | 5 |  5.0
Stealth        | |  1.3

Action                     |  1- 3 |  4- 6 |  7- 9 | 10-12 || total
---------------------------+-------+-------+-------+-------++-------
  Melee: Shortbow          |       |     2 |     1 |     1 ||     4
   Fire: Shortbow          |    75 |   207 |   429 |    56 ||   767
    Use: Scroll            |     3 |     5 |    11 |       ||    19
         Potion            |       |     1 |     2 |     1 ||     4
 Armour: Leather armour    |     8 |    14 |       |       ||    22
         Scale mail        |       |     6 |    83 |       ||    89
         Ring mail         |       |       |    20 |     7 ||    27
  Dodge: Dodged            |    12 |    79 |   177 |    32 ||   300

Table legend: (Time is in decaauts)
 A = Elapsed time spent in this place.
 B = Non-inter-level travel time spent in this place.
 C = Inter-level travel time spent in this place.
 D = Time resting spent in this place.
 E = Time spent auto-exploring this place.
 F = Levels seen in this place.
 G = Mean time per level.
                   A        B        C        D        E       F      G
               +--------+--------+--------+--------+--------+-----+--------+
         Total |   8732 |   8377 |    355 |   1198 |   5757 |  10 |  873.2 |
       Dungeon |   8190 |   7835 |    355 |   1070 |   5604 |   8 | 1023.8 |
        Temple |    219 |    219 |      0 |    128 |      0 |   1 |  219.0 |
       Ossuary |    323 |    323 |      0 |      0 |    153 |   1 |  323.0 |
               +--------+--------+--------+--------+--------+-----+--------+

Top non-repeatable levels by time:
     D:3: 1722 daAuts
     D:6: 1312 daAuts
     D:5: 1274 daAuts
     D:4: 1182 daAuts
     D:7: 886 daAuts
     D:1: 814 daAuts
     D:2: 807 daAuts
 Ossuary: 323 daAuts
  Temple: 219 daAuts
     D:8: 189 daAuts
